Get step-by-step instructions on how to execute this build order below. Start the game timer, and the build order will tick by so you can play in parallel with StarCraft on a second screen or mobile device.

Game Time

  0:00

Last Step

  N/A

Next Step

  1  0:00  Probe  

Upcoming Step

  12  0:06  Probe  

Don't want to look back and forth between 2 screens? Try out our Overwolf App, the Spawning Tool Build Advisor to get an in-game overlay with this build!

Complete Build Order

  1  0:00  Probe  
  12  0:06  Probe  
  14  0:16  Probe  
  15  0:34  Pylon  
  15  0:52  Probe  
  16  1:02  Gateway  
  16  1:12  Gateway  
  16  1:20  Forge  
  15  1:26  Probe  
  16  1:52  Zealot  
  18  1:54  Nexus  
  18  2:00  Zealot  
  20  2:10  Assimilator, Probe  
  20  2:14  Pylon  
  21  2:32  Zealot  
  23  2:52  Cybernetics Core  
  23  2:56  Assimilator  
  23  2:58  Probe  
  24  3:08  Probe  
  24  3:11  Probe  
  26  3:16  Probe  
  26  3:26  Probe  
  27  3:32  Stalker  
  28  3:34  Probe  
  28  3:40  Probe  
  32  3:52  Probe  
  33  4:03  Stargate  
  33  4:10  Pylon  
  33  4:19  Assimilator  
  33  4:22  Assimilator  
  33  4:23  Probe  
  34  4:32  Zealot x2  
  38  4:43  Twilight Council  
  38  4:49  Stargate  
  38  4:59  Probe  
  39  5:04  Probe  
  43  5:10  Void Ray  
  43  5:11  Probe  
  43  5:12  Probe  
  45  5:19  Warp Gate, Photon Cannon  
  46  5:23  Probe, Shield Battery  
  46  5:27  Charge  
  47  5:30  Probe  
  47  5:35  Probe  
  49  5:38  Probe  
  50  5:47  Probe  
  51  5:52  Pylon  
  51  5:57  Oracle, Robotics Facility  
  54  6:08  Pylon  
  54  6:09  Probe  
  55  6:17  Probe  
  59  6:19  Void Ray  
  59  6:25  Probe  
  61  6:33  Probe  
  62  6:45  Probe  
  63  6:48  Observer  
  64  6:57  Phoenix  
  67  7:30  Fleet Beacon  
  67  7:31  Void Ray  
  67  7:33  Observer  
  68  7:41  Probe  
  69  7:51  Protoss Air Weapons Level 1, Observer  
  69  7:56  Nexus  
  69  7:58  Pylon  
  70  8:05  Probe  
  70  8:16  Pylon  
  70  8:17  Pylon  
  70  8:18  Probe  
  70  8:19  Pylon  
  75  8:21  Zealot  
  75  8:22  Void Ray  
  76  8:31  Photon Cannon  
  76  8:32  Photon Cannon  
  76  8:34  Photon Cannon  
  76  8:35  Shield Battery  
  76  8:37  Shield Battery  
  76  8:39  Pylon  
  76  8:43  Stalker x2  
  64  9:14  Pylon  
  64  9:25  Assimilator, Probe  
  64  9:26  Assimilator  
  64  9:28  Carrier x2  
  77  9:37  Probe  
  77  9:49  Probe  
  78  9:56  Gateway  
  78  9:58  Gateway  
  78  10:01  Probe, Observer  
  80  10:09  Probe  
  81  10:16  Dark Shrine  
  81  10:19  Probe, Observer  
  82  10:23  Probe  
  84  10:30  Protoss Air Weapons Level 2  
  84  10:32  Zealot  
  86  10:35  Probe  
  86  10:39  Shield Battery  
  87  10:44  Photon Cannon  
  87  11:00  Zealot x3  
  93  11:04  Tempest  
  93  11:05  Carrier  
  101  11:24  Protoss Shields Level 1  
  85  11:48  Carrier  
  88  12:08  Pylon  
  88  12:13  Pylon  
  88  12:17  Pylon  
  88  12:19  Carrier  
  88  12:21  Probe  
  94  12:29  Probe  
  96  12:39  Probe  
  97  12:49  Nexus  
  97  12:52  Tempest  
  97  12:54  Dark Templar x2  
  105  13:06  Protoss Air Armor Level 1  
  105  13:16  Pylon  
  105  13:22  Probe  
  106  13:29  Observer  
  106  13:34  Probe  
  108  13:40  Stargate  
  108  13:46  Probe  
  108  13:47  Observer  
  110  13:58  Probe, Photon Cannon x2  
  110  14:01  Photon Cannon  
  110  14:02  Shield Battery  
  111  14:04  Shield Battery  
  111  14:06  Shield Battery  
  111  14:08  Probe  
  111  14:09  Pylon  
  112  14:11  Assimilator  
  112  14:16  Assimilator, Dark Templar x2  
  116  14:17  Dark Templar  
  116  14:19  Protoss Ground Weapons Level 1  
  116  14:20  Probe  
  101  14:48  Probe  
  100  15:00  Probe  
  100  15:07  Pylon  
  97  15:08  Nexus  
  97  15:12  Probe, Zealot x2  
  97  15:13  Zealot  
  104  15:23  Carrier x2  
  104  15:24  Probe  
  117  15:30  Gateway  
  117  15:37  Probe  
  118  15:49  Probe  
  90  16:22  Dark Templar  
  90  16:23  Dark Templar  
  90  16:25  Zealot x2  
  95  16:56  Zealot x2  
  95  16:57  Zealot x2  
  99  17:19  Nexus  
  111  17:55  Dark Templar x2  
  111  17:57  Zealot x2